 Dungeon Sprint DCSS version 0.30-a0-279-g4b46babb21 (webtiles) character file.

Game seed: 13118255526287796270

3600 rocky1 the Unseen (level 9, -5/51 HPs)
             Began as a Spriggan Brigand on Oct 17, 2022.
             Was an Elder of Okawaru.
             Slain by Agnes
             ... wielding a +0 lajatang
              (14 damage)
             ... in the Dungeon (Sprint IV: "Fedhas' Mad Dash").
             The game lasted 00:12:11 (2843 turns).

rocky1 the Unseen (Spriggan Brigand)                Turns: 2843, Time: 00:12:12

Health: -5/51      AC:  3    Str: 10    XL:     9   Next: 85%
Magic:  6/11       EV: 28    Int: 22    God:    Okawaru [****..]
Gold:   223        SH:  9    Dex: 18    Spells: 8/8 levels left

rFire   . . .      SeeInvis +    g - +0 rapier
rCold   . . .      Faith    .    n - +0 buckler
rNeg    . . .      Spirit   .    b - +0 robe
rPois   .          Reflect  .    (helmet restricted)
rElec   .          Harm     .    c - +0 cloak
rCorr   .          Rampage  .    (gloves unavailable)
Will    ++...      NoTele   +    (boots unavailable)
Stlth   +++++++++.               f - amulet of invisibility {+Inv}
HPRegen 0.28/turn                m - +6 ring of intelligence
MPRegen 0.12/turn                o - ring of willpower

@: heroic, finesse-ful, very quick
A: very small, no large weapons, unfitting armour, see invisible, speed 3,
clever 1, low MP 1, strong 1
a: Renounce Religion, Evoke Invisibility, Heroism, Finesse


You were in the Dungeon.
You worshipped Okawaru.
Okawaru was greatly pleased with you.
You visited 1 branch You collected 223 gold pieces.

Inventory:

Hand Weapons
 a - a +2 dagger
 g - a +0 rapier (weapon)
Missiles
 d - 9 poisoned darts (quivered)
 e - 2 curare-tipped darts
Armour
 b - a +0 robe (worn)
 c - a +0 cloak (worn)
 j - a +0 robe
 n - a +0 buckler (worn)
Jewellery
 f - the amulet of invisibility (around neck) {+Inv}
   (You found it in the Dungeon)

   [amulet of nothing]

   +Inv:      It lets you turn invisible.
 m - a +6 ring of intelligence (left hand)
 o - a ring of willpower (right hand)
Scrolls
 k - a scroll of enchant weapon {unknown}
Potions
 h - a potion of haste
 i - 2 potions of magic


   Skills:
 + Level 8.0(13.0) Fighting
 + Level 13.4(18.4) Short Blades
 - Level 3.9(8.9) Throwing
 - Level 10.3(15.3) Dodging
 + Level 19.5(24.5) Stealth
 + Level 5.2(10.2) Shields
 - Level 4.0 Invocations
 - Level 2.2 Evocations


You had 8 spell levels left.
You didn't know any spells.
Your spell library contained the following spells:

 Spells                   Type           Power      Damage    Failure   Level
 Freeze                   Ice            0%         1d3       26%         1
 Frozen Ramparts          Ice            0%         1d1       63%         3
 Hailstorm                Conj/Ice       0%         3d3       63%         3


Dungeon Overview and Level Annotations

Branches:
Dungeon (1/1)

Altars:
Cheibriados
Dithmenos
Elyvilon
Gozag
Hepliaklqana
Kikubaaqudgha
Makhleb
Nemelex Xobeh
Okawaru
Qazlal
Ru
Sif Muna
Trog
Uskayaw
Vehumet
Wu Jian
Xom
Yredelemnul
Zin
The Shining One
Jiyva
Lugonu

Shops:
D (:

Annotations:
D Agnes


Innate Abilities, Weirdness & Mutations

You are very small and have problems with some larger weapons.
You are too small for most types of armour.
You have supernaturally acute eyesight. (SInv)
You cover ground extremely quickly. (Speed+++)
Your mind is acute. (Int +4, Str/Dex -1)
Your magical capacity is low. (-10% MP)
Your muscles are strong. (Str +4, Int/Dex -1)


Message History

You start waiting.
Your magical contamination has completely faded away.
You start waiting.
Done waiting.
You start waiting.
Done waiting.
You open the door.
Agnes the Wanderer comes into view.
She is wielding a +0 lajatang.
Agnes shouts!
Agnes mutters, "I could really go for a good breadfruit right now."
Unknown command.
You gain the combat prowess of a mighty hero.
Agnes asks, "Have you seen my kris anywhere?"
You can now deal lightning-fast blows.
Agnes barely misses you.
Unknown command.
You miss Agnes. You barely miss Agnes. Agnes hits you with a +0 lajatang!
You hit Agnes but do no damage.
Okay, then.
You hit Agnes but do no damage. Agnes hits you with a +0 lajatang!!
Ouch! That really hurt!
* * * LOW HITPOINT WARNING * * *
Unknown command.
It was a potion of mutation.
You feel extremely strange.
You feel clever.
You feel less energetic.
You feel stronger. Agnes completely misses you.
You closely miss Agnes. You block Agnes's attack.
You miss Agnes. You hit Agnes.
Agnes is lightly wounded.
Agnes misses you.
You completely miss Agnes.
Agnes is lightly wounded.
Okay, then.
Okay, then.
You hit Agnes.
Agnes is lightly wounded.
Agnes hits you with a +0 lajatang!
You die...

######################
#.⌠._._._._.⌠.#..')..#
'.._._._._._..'..#...#
#..._._._._...#..###'##
#.._._._._._..#..##∩∩.+
#._._._._._.⌠.############
###################....[.#
#♣♣♣♣♣..♣)###.'..'.......+
......♣..♣##..#.@#.P.....#
♣..♣♣♣.♣).###.##i##.P....#
.♣♣..♣...♣'...#♣.♣########
# #############... ♣..
.... ♣... #####


You could see Agnes.

Vanquished Creatures
  A spriggan druid (D)
  6 oklob plants (D)
  2 burning bushes (D)
  A queen bee (D)
  2 scorpions (D)
  4 killer bees (D)
  5 oklob saplings (D)
  2 spriggans (D)
  A river rat (D)
  A wandering mushroom (D)
  A rat (D)
26 creatures vanquished.

Vanquished Creatures (others)
  A ballistomycete spore (D)
  7 fungi (D)
8 creatures vanquished.

Grand Total: 34 creatures vanquished

Notes
Turn   | Place    | Note
-------+----------+-------------------------------------------
     0 | D        | rocky1 the Spriggan Brigand began the quest for the Orb.
     0 | D        | Reached XP level 1. HP: 10/10 MP: 2/2
    25 | D        | Reached skill level 8 in Stealth
    25 | D        | Reached XP level 2. HP: 15/15 MP: 3/3
    30 | D        | Noticed an oklob sapling
    32 | D        | Killed an oklob sapling
    33 | D        | Reached skill level 10 in Stealth
    33 | D        | Reached XP level 3. HP: 18/18 MP: 4/4
    35 | D        | Noticed a scorpion
    35 | D        | Found the amulet of invisibility {+Inv}
    50 | D        | Killed a scorpion
    51 | D        | Reached skill level 12 in Stealth
    51 | D        | Reached XP level 4. HP: 4/23 MP: 5/5
    54 | D        | HP: 1/23 [poisoned by a scorpion]
   279 | D        | Reached skill level 13 in Stealth
   415 | D        | Found an opulent altar of Gozag.
   415 | D        | Found a hazy altar of Hepliaklqana.
   415 | D        | Found a burning altar of Makhleb.
   415 | D        | Found a sparkling altar of Nemelex Xobeh.
   415 | D        | Found a snail-covered altar of Cheibriados.
   415 | D        | Found a sacrificial altar of Ru.
   415 | D        | Found a shimmering blue altar of Sif Muna.
   415 | D        | Found a shimmering altar of Xom.
   415 | D        | Found a basalt altar of Yredelemnul.
   416 | D        | Found a viscous altar of Jiyva.
   416 | D        | Found a bloodstained altar of Trog.
   416 | D        | Found an ornate altar of the Wu Jian Council.
   800 | D        | Found an iron altar of Okawaru.
   800 | D        | Found a shadowy altar of Dithmenos.
   800 | D        | Found a glowing silver altar of Zin.
   801 | D        | Found an ancient bone altar of Kikubaaqudgha.
   801 | D        | Found a hide-covered altar of Uskayaw.
   802 | D        | Found a stormy altar of Qazlal.
   802 | D        | Found a white marble altar of Elyvilon.
   802 | D        | Found a glowing golden altar of the Shining One.
   803 | D        | Found a corrupted altar of Lugonu.
   803 | D        | Found a radiant altar of Vehumet.
   810 | D        | Reached skill level 14 in Stealth
   810 | D        | Reached skill level 1 in Evocations
   810 | D        | Reached XP level 5. HP: 28/28 MP: 6/6
   812 | D        | Became a worshipper of Warmaster Okawaru
   837 | D        | Reached skill level 15 in Stealth
   856 | D        | Reached skill level 5 in Short Blades
   865 | D        | Reached XP level 6. HP: 20/33 MP: 7/7
  1379 | D        | Found Eblueroh's Book Shop.
  1379 | D        | Found Zutaonyz's Weapon Emporium.
  1422 | D        | Noticed a queen bee
  1434 | D        | Reached skill level 1 in Invocations
  1451 | D        | HP: 1/34 [poisoned by a queen bee]
  1892 | D        | Reached skill level 16 in Stealth
  1895 | D        | Reached * piety under Okawaru
  1901 | D        | Killed a queen bee
  1902 | D        | Reached skill level 5 in Fighting
  1902 | D        | Reached XP level 7. HP: 31/39 MP: 8/11
  1936 | D        | Noticed an oklob plant
  1939 | D        | Killed an oklob plant
  1940 | D        | Reached skill level 10 in Short Blades
  1940 | D        | Reached skill level 5 in Dodging
  1940 | D        | Reached skill level 17 in Stealth
  1940 | D        | Reached XP level 8. HP: 44/44 MP: 12/12
  1955 | D        | Noticed a burning bush
  1957 | D        | Identified the +1 trident of Demand {vorpal, Int+6 Dex-2}
  1958 | D        | Killed a burning bush
  1958 | D        | Reached ** piety under Okawaru
  1974 | D        | Noticed a burning bush
  1974 | D        | Noticed an oklob plant
  1975 | D        | Noticed a wandering mushroom
  1976 | D        | Killed a burning bush
  2499 | D        | Killed an oklob plant
  2500 | D        | Reached skill level 18 in Stealth
  2521 | D        | Noticed a spriggan druid
  2523 | D        | Killed a spriggan druid
  2523 | D        | Reached *** piety under Okawaru
  2524 | D        | Reached XP level 9. HP: 50/50 MP: 10/13
  2544 | D        | Noticed an oklob plant conjurer
  2546 | D        | Killed an oklob plant conjurer
  2579 | D        | Noticed an oklob plant
  2579 | D        | Noticed an oklob plant summoner
  2583 | D        | Noticed an oklob plant shifter
  2587 | D        | Killed an oklob plant
  2587 | D        | Reached **** piety under Okawaru
  2588 | D        | Reached skill level 19 in Stealth
  2589 | D        | Killed an oklob plant summoner
  2590 | D        | Reached skill level 10 in Dodging
  2590 | D        | Reached skill level 5 in Shields
  2592 | D        | Killed an oklob plant shifter
  2831 | D        | Noticed Agnes
  2838 | D        | Gained mutation: Your mind is acute. (Int +4, Str/Dex -1)
                  | [potion of mutation]
  2838 | D        | Gained mutation: Your magical capacity is low. (-10% MP)
                  | [potion of mutation]
  2838 | D        | Gained mutation: Your muscles are strong. (Str +4, Int/Dex
                  | -1) [potion of mutation]
  2843 | D        | Slain by Agnes

Illustrated notes

Levels and vault maps discovered:
D:        dungeon_sprint_fedhas [sprint_temple]

Skill      XL: |  1  2  3  4  5  6  7  8  9 |
---------------+----------------------------+-----
Stealth        | 8 10 12 14 15 16 17 18 19 | 19.5
Fighting       | 2 3 5 7 8 |  8.0
Short Blades   | 3 4 6 9 10 12 13 | 13.4
Throwing       | 3 |  3.9
Dodging        | 2 4 5 8 10 | 10.3
Evocations     | 1 2 |  2.2
Invocations    | 4 |  4.0
Shields        | 2 4 5 |  5.2

Action                   |  1- 3 |  4- 6 |  7- 9 || total
-------------------------+-------+-------+-------++-------
Melee: Dagger            |    20 |    13 |       ||    33
       Rapier            |       |    19 |    46 ||    65
Throw: Dart              |     4 |       |     1 ||     5
Invok: Heroism           |       |       |     3 ||     3
       Finesse           |       |       |     1 ||     1
 Abil: Evoke Invisibilit |       |     4 |     2 ||     6
  Use: Potion            |     1 |     2 |     1 ||     4
       Scroll            |       |     1 |       ||     1
 Stab: Sleeping          |     2 |     2 |    10 ||    14
       Invisible         |       |     6 |       ||     6
Armor: Robe              |     2 |     1 |       ||     3
Dodge: Dodged            |     9 |    36 |    16 ||    61
Block: Buckler           |       |    10 |     7 ||    17

Table legend: (Time is in decaauts)
 A = Elapsed time spent in this place.
 B = Non-inter-level travel time spent in this place.
 C = Inter-level travel time spent in this place.
 D = Time resting spent in this place.
 E = Time spent auto-exploring this place.
 F = Levels seen in this place.
 G = Mean time per level.
                   A        B        C        D        E       F      G
               +--------+--------+--------+--------+--------+-----+--------+
         Total |   2703 |   2703 |      0 |   2173 |      0 |   1 | 2703.0 |
       Dungeon |   2703 |   2703 |      0 |   2173 |      0 |   1 | 2703.0 |
               +--------+--------+--------+--------+--------+-----+--------+

Top non-repeatable levels by time:
       D: 2703 daAuts
